 Dungeon Crawl Stone Soup version 0.27.1-35-g4d5d836560 (webtiles) character file.

Game seed: 4876396738998192559

706 101zpm the Covered (level 7, -1/44 HPs)
             Began as a Gargoyle Fighter on Apr 3, 2022.
             Slain by Edmund (10 damage)
             ... on level 4 of the Dungeon.
             The game lasted 00:19:59 (5781 turns).

101zpm the Covered (Gargoyle Fighter)               Turns: 5781, Time: 00:20:00

Health: -1/44      AC: 12    Str: 22    XL:     7   Next: 67%
Magic:  7/7        EV:  8    Int:  8    God:
Gold:   128        SH: 10    Dex:  9    Spells: 6/6 levels left

rFire    . . .     SeeInvis +   d - +2 dagger (flame)
rCold    . . .     Faith    .   c - +0 kite shield
rNeg     + . .     Spirit   .   b - +0 scale mail
rPois    ∞         Reflect  .   (no helmet)
rElec    +         Harm     .   (no cloak)
rCorr    .         Rampage  .   (no gloves)
Will     .....                  (no boots)
Stlth    ..........             (no amulet)
HPRegen  0.14/turn              e - ring of see invisible
MPRegen  0.10/turn              (no ring)

@: hasted, very quick
A: sickness immunity, AC +4, negative energy resistance 1, electricity
resistance, torment resistance 1, petrification resistance
a: no special abilities


You were on level 4 of the Dungeon.
You visited 1 branch of the dungeon, and saw 5 of its levels.

You collected 128 gold pieces.

Inventory:

Hand Weapons
 a - a +0 flail
 d - a +2 dagger of flaming (weapon)
 f - a +1 dagger of electrocution
Armour
 b - a +0 scale mail (worn)
 c - a +0 kite shield (worn)
Jewellery
 e - a ring of see invisible (left hand)
Wands
 m - a wand of iceblast (5)
 q - a wand of mindburst (15)
Scrolls
 g - a scroll of brand weapon
 i - a scroll of fog
 k - a scroll of fear
 n - a scroll of blinking {unknown}
 p - a scroll of teleportation {unknown}
Potions
 h - 2 potions of heal wounds {unknown}
 j - a potion of haste
 l - 2 potions of brilliance {unknown}
 o - a potion of curing {unknown}
 r - a potion of attraction {unknown}


   Skills:
 + Level 4.5 Fighting
 + Level 3.3 Short Blades
 + Level 2.6 Maces & Flails
 + Level 5.4 Armour
 + Level 1.6 Dodging
 + Level 1.2 Stealth
 + Level 5.4 Shields


You had 6 spell levels left.
You didn't know any spells.
Your spell library was empty.

Dungeon Overview and Level Annotations

Branches:
Dungeon (5/15)
 Temple: D:4-7

Altars:
Okawaru

Annotations:
D:4 2 transporters, Edmund; Karpo's ghost, amateur SpEn
D:5 Dowan; Duvessa


Innate Abilities, Weirdness & Mutations

You are immune to sickness and miasma.
Your stone body is resilient. (AC +4)
You are immune to poison.
You resist negative energy. (rN+)
You are resistant to electric shocks. (rElec)
You are resistant to unholy torment.
You are immune to petrification.


Message History

You hit the adder. You burn the adder.
The adder is severely wounded.
The adder barely misses you. You block the adder's attack.
You miss the adder.
The adder is severely wounded.
You block the adder's attack.
You puncture the adder! You burn the adder.
You kill the adder!
You see here a ball python corpse.
You start resting.
HP restored.
Found 20 bolts.
Edmund the Younger comes into view.
He is wielding a +4 vorpal flail.
Edmund is nearby!
Edmund hits you with a +4 vorpal flail.
You hit Edmund. You burn Edmund.
Edmund is lightly wounded.
Edmund hits you with a +4 vorpal flail.
You hit Edmund. You burn Edmund.
Edmund is moderately wounded.
Edmund hits you with a +4 vorpal flail!
You hit Edmund. You burn Edmund.
Edmund is moderately wounded.
Edmund hits you with a +4 vorpal flail!
You are too injured to fight recklessly!
You are too injured to fight recklessly!
You are too injured to fight recklessly!
You are too injured to fight recklessly!
You are too injured to fight recklessly!
You are too injured to fight recklessly!
You are too injured to fight recklessly!
You are too injured to fight recklessly!
You are too injured to fight recklessly!
You are too injured to fight recklessly!
Edmund hits you with a +4 vorpal flail!
* * * LOW HITPOINT WARNING * * *
x2 You see here a ball python corpse.
Edmund gestures with his flail.
You feel yourself speed up. Edmund hits you with a +4 vorpal flail!
You die...

#.# #.# #.# ###.#
#######.# #...##
........#
#.#..####
.###########
#†##...:#
....).......
#.###...#
).##############.#
#...#
..#...)........#@#
##...#
.##.########.###@#
#(....
...............#.#
##.##.#
###.######.#.#...#
#.# .# #.#
...#.##### #.# #
#.# ... #.. ..#
#.# #### ### ###
#.# #.# .#


You could see Edmund.

Vanquished Creatures
  A necrophage (D:3)
  2 scorpions (D:4)
  3 jellies
  2 hounds
  3 orc priests (D:4)
  2 iguanas (D:4)
  2 orc wizards
  A hound skeleton (D:4)
  A howler monkey skeleton (D:4)
  4 adders
  An adder skeleton (D:4)
  A worm (D:2)
  6 dart slugs
  16 orcs
  3 ball pythons
  9 endoplasms
  A giant cockroach (D:1)
  9 hobgoblins
  5 jackals
  4 quokkas
  4 bats
  A frilled lizard (D:1)
  3 goblins
  7 kobolds
  4 rats
95 creatures vanquished.

Vanquished Creatures (others)
  6 plants (D:4)
6 creatures vanquished.

Grand Total: 101 creatures vanquished

Notes
Turn   | Place    | Note
-------+----------+-------------------------------------------
     0 | D:1      | 101zpm the Gargoyle Fighter began the quest for the Orb.
     0 | D:1      | Reached XP level 1. HP: 14/14 MP: 1/1
   251 | D:1      | Reached XP level 2. HP: 16/19 MP: 2/2
   762 | D:1      | Reached XP level 3. HP: 24/24 MP: 3/3
  1737 | D:2      | Found a faded altar of an unknown god.
  1946 | D:1      | Reached XP level 4. HP: 9/29 MP: 4/4
  2289 | D:2      | Found an iron altar of Okawaru.
  2464 | D:3      | Noticed a necrophage
  2473 | D:3      | Killed a necrophage
  2474 | D:3      | Reached skill level 1 in Short Blades
  2474 | D:3      | Reached XP level 5. HP: 24/33 MP: 5/5
  2771 | D:3      | You fall into a shaft and drop 1 floor!
  2825 | D:4      | Found a transporter.
  2866 | D:4      | Identified the +7 spear "Enye" {venom, *Corrode rElec rN+++
                  | Int-2}
  2911 | D:4      | Reached XP level 6. HP: 34/38 MP: 6/6
  2917 | D:4      | Reached skill level 1 in Stealth
  3139 | D:4      | Reached skill level 1 in Dodging
  3390 | D:4      | Reached XP level 7. HP: 36/44 MP: 7/7
  3668 | D:3      | Reached skill level 5 in Armour
  3668 | D:3      | Reached skill level 5 in Shields
  3991 | D:4      | Found a transporter.
  4046 | D:4      | Noticed Karpo's ghost (amateur SpEn)
  4632 | D:5      | Entered Level 5 of the Dungeon
  4906 | D:5      | Noticed Dowan
  4907 | D:5      | Noticed Duvessa
  5763 | D:4      | Noticed Edmund
  5781 | D:4      | Slain by Edmund

Illustrated notes

Levels and vault maps discovered:
D:1:      shiori_arrival_elements, layout_loops_ring, serial_rivers,
          chequers_serial_rivers_room_b, chequers_serial_rivers_micro_e,
          chequers_serial_rivers_micro_e, chequers_serial_rivers_large_b
D:2:      layout_rooms, basic_altar, shapermc_ecumenical_altar_mp_urbaneastern
D:3:      layout_rooms, hangedman_abyss_or_decor_lesser_grid,
          grunt_ministairs_10
D:4:      layout_basic, gammafunk_ghost_gnarly_gnolls,
          minmay_misc_feat_four_crosses, minmay_bent, uniq_edmund
D:5:      layout_basic, minmay_temple_entry_fiery, portal_sewer_entry_e,
          uniq_pikel, uniq_duvessa

Skill      XL: |  1  2  3  4  5  6  7 |
---------------+----------------------+-----
Armour         | 4 5 |  5.4
Shields        | 4 5 |  5.4
Fighting       | 4 |  4.5
Short Blades   | 1 3 |  3.3
Stealth        | 1 |  1.2
Dodging        | 1 |  1.6
Maces & Flails | |  2.6

Action                   |  1- 3 |  4- 6 |  7- 9 || total
-------------------------+-------+-------+-------++-------
Melee: Flail             |    51 |       |       ||    51
       Dagger            |    82 |   135 |   168 ||   385
  Use: Potion            |       |     1 |     1 ||     2
       Scroll            |       |       |     3 ||     3
Armor: Scale mail        |    64 |    57 |    67 ||   188
Dodge: Dodged            |    35 |    49 |    34 ||   118
Block: Kite shield       |    58 |    62 |    76 ||   196
